 Dungeon Crawl Stone Soup version 0.27.1-33-g824d729ab1 (webtiles) character file.

Game seed: 53994318612561359

22768 Krodha the Severer (level 12, -7/110 HPs)
             Began as a Minotaur Berserker on Dec 15, 2021.
             Was a High Priest of Trog.
             Killed from afar by Frances (29 damage)
             ... with an iron shot
             ... on level 13 of the Dungeon.
             The game lasted 00:51:43 (11964 turns).

Krodha the Severer (Minotaur Berserker)            Turns: 11964, Time: 00:51:44

Health: -7/110     AC: 19    Str: 30    XL:     12   Next: 65%
Magic:  11/11      EV: 15    Int:  5    God:    Trog [*****.]
Gold:   989        SH:  0    Dex: 12    Spells: 11/11 levels left

rFire    . . .     SeeInvis .   m - +12 war axe of Mat Cut {venom, Will+ Dex+3 Stlth+}
rCold    . . .     Faith    .   (no shield)
rNeg     . . .     Spirit   .   y - +3 ring mail "Siakistise" {+Inv Regen+ Int-3}
rPois    +         Reflect  .   E - +2 hat
rElec    .         Harm     .   B - +2 cloak
rCorr    .         Rampage  .   D - +0 pair of gloves
Will     +++..                  H - +1 pair of boots
Stlth    ++........             (no amulet)
HPRegen  2.28/turn              p - +6 ring of strength
MPRegen  0.12/turn              P - ring of poison resistance

@: strong-willed, regenerating, studying Axes
A: horns 2, retaliatory headbutt
a: Renounce Religion, Evoke Invisibility, Berserk, Trog's Hand, Brothers in Arms


You were on level 13 of the Dungeon.
You worshipped Trog.
Trog was extremely pleased with you.
You visited 1 branch of the dungeon, and saw 13 of its levels.
You also visited: Bailey.

You collected 989 gold pieces.

Inventory:

Hand Weapons
 l - a +2 whip of electrocution
 m - the +12 war axe of Mat Cut (weapon) {venom, Will+ Dex+3 Stlth+}
   (You found it on level 12 of the Dungeon)

   It poisons the flesh of those it strikes.
   Dex:       It affects your dexterity (+3).
   Will:      It increases your willpower.
   Stlth:     It makes you more stealthy.
Missiles
 a - 2 throwing nets
 g - 195 sling bullets
 k - 314 arrows
 q - 95 bolts
 s - 16 poisoned darts (quivered)
 F - 4 javelins
 L - 8 atropa-tipped darts
 M - 86 boomerangs
Armour
 o - a +2 chain mail of poison resistance
 y - the +3 ring mail "Siakistise" (worn) {+Inv Regen+ Int-3}
   (You found it on level 4 of the Dungeon)

   Int:       It affects your intelligence (-3).
   +Inv:      It lets you turn invisible.
   Regen:     It increases your rate of health regeneration.
 B - a +2 cloak (worn)
 D - a +0 pair of gloves (worn)
 E - a +2 hat (worn)
 H - a +1 pair of boots (worn)
Jewellery
 p - a +6 ring of strength (left hand)
 J - a +6 ring of intelligence
 P - a ring of poison resistance (right hand)
 U - a ring of protection from cold
Wands
 h - a wand of digging (5)
 u - a wand of polymorph (7)
 x - a wand of iceblast (20)
 I - a wand of flame (38)
 K - a wand of paralysis (4)
 W - a wand of acid (22)
Scrolls
 i - 4 scrolls of teleportation
 j - 3 scrolls of amnesia
 v - a scroll of enchant weapon
 G - a scroll of blinking
 O - a scroll of fog
 R - 2 scrolls of magic mapping
 S - a scroll of acquirement
 T - a scroll of torment {unknown}
 V - a scroll of summoning
Potions
 b - 2 potions of lignification {unknown}
 c - 4 potions of invisibility
 e - 13 potions of curing
 f - 2 potions of flight
 n - 5 potions of brilliance
 r - 3 potions of ambrosia
 t - a potion of cancellation
 w - 4 potions of mutation
 z - 5 potions of haste
 A - 7 potions of heal wounds
 C - a potion of berserk rage
 N - a potion of experience {unknown}
 Q - 2 potions of attraction
 X - a potion of might
 Y - 2 potions of magic {unknown}


   Skills:
 + Level 11.0 Fighting
 * Level 15.8 Axes
 + Level 6.2 Throwing
 + Level 10.8 Armour
 + Level 9.9 Dodging
 + Level 5.5 Evocations


You had 11 spell levels left.
You didn't know any spells.
Your spell library contained the following spells:

 Spells                   Type           Power      Damage    Failure   Level
 Sublimation of Blood     Necr           0%         N/A       71%         2
 Petrify                  Tmut/Erth      0%         N/A       100%        4
 Irradiate                Conj/Tmut      0%         3d13      100%        5


Dungeon Overview and Level Annotations

Branches:
Dungeon (13/15)            Temple (0/1) D:5            Lair (0/6) D:10
    Orc (0/2) D:11         Bailey (visited)
 Vaults: D:13-14

Altars:
Ashenzari
Gozag
Hepliaklqana
Nemelex Xobeh
Okawaru
Ru
Sif Muna
Trog
Uskayaw
Xom
Zin

Annotations:
D:10 3 runed translucent doors
D:13 Frances


Innate Abilities, Weirdness & Mutations

You have a pair of horns on your head.
You reflexively headbutt those who attack you in melee.


Message History

Your troll barely misses the sun demon.
Your troll claws the sun demon but does no damage.
Okay, then.
Blink to where?
Press: ? - help, Dir - move target, f - you, p - Frances
Okay, then.
You slash Frances! You headbutt Frances.
Frances is lightly wounded.
You catch the helpless sun demon completely off-guard!
You hit the sun demon.
You kill the sun demon!
The sun demon disappears in a puff of smoke!
Frances hits you with a +0 halberd!
* * * LOW HITPOINT WARNING * * *
Press: ? - help, v - describe, . - travel
Here: Frances, wielding a +0 halberd and wearing a +0 scale mail (lightly wounded, poisoned, ally target)
The floor.
Blink to where?
Press: ? - help, Dir - move target, f - you, p - Frances
Okay, then.
Blink to where?
Press: ? - help, Dir - move target, f - you
Okay, then.
What are your orders? t - Shout!
Orders for allies: a - Attack new target. r - Retreat! s - Stop attacking. g - Guard the area. f - Follow me.
Anything else - Cancel.
Okay, then.
Throw: 16 darts (poison)
Press: ? - help, Q - select action, (/) - cycle Shift-Dir - straight line, f - Frances
Aim: Frances, wielding a +0 halberd and wearing a +0 scale mail (lightly wounded, poisoned, ally target, 69% to hit)
Okay, then.
As you read the scroll of fear, it crumbles to dust.
You assume a fearsome visage.
Frances resists with some effort.
Frances looks more healthy.
Frances whispers indecipherable words.
The iron shot hits you!!
You die...

*,,,* #.* *,* *,,* *,.,* #.*
*,***,,* *,..###.#########
*,,,,,,, ###*,..............#
*,,,,,** ..#*****#.........#*
*,,,,,* ..# #.:......(# *,,,,,*
..# #.>..../§[# *,,,,,* ..#
#.......T.# *,,,,,** ..#
#.....§.@@#*******,,,,,,,
..#######..........(....,,,,,,,,,
...................####.,*******,
#.........#######..# *,,* *,
#...####..# *..# *,,* *, #...#
#..# *..# *,,*******, #...# #..#
*..# *,,,,,,,,,, #...####..# *..#
*,,,,,,,,,, #.........#
*,,****,********,


You could see Frances (ally target) and a friendly troll (summoned, berserk).

Vanquished Creatures
  A hydra (D:11)
  5 two-headed ogres
  Pikel (D:5)
  An orange crystal statue (D:10)
  A deep elf pyromancer (D:13)
  An ugly thing (D:11)
  2 cyclopes
  A manticore (D:11)
  Joseph (D:9)
  Maurice (D:8)
  An unseen horror (D:12)
  4 komodo dragons
  4 trolls
  Grinder (D:5)
  8 slime creatures (D:12)
  A meliai zombie (D:11)
  A shadow (D:13)
  A vampire (D:13)
  2 wraiths
  9 yaks
  2 basilisks
  2 steam dragons
  2 acid dragons
  4 water moccasins
  Duvessa (D:5)
  8 orc warriors
  2 black bears
  An ice beast (D:7)
  2 sky beasts
  A necrophage (D:4)
  3 ogres
  9 centaurs
  4 lemures (D:5)
  A phantom (D:7)
  2 kobold brigands
  Blork the orc (D:4)
  5 bullfrogs
  A gnoll sergeant (D:10)
  4 scorpions (D:5)
  A wyvern zombie (D:8)
  Dowan (D:5)
  13 killer bees
  8 wights
  3 howler monkeys
  2 hounds (D:4)
  A bullfrog zombie (D:6)
  6 centaur zombies
  A jelly (D:6)
  A centaur skeleton (D:4)
  2 gnoll shamans
  11 orc priests
  A bullfrog skeleton (D:5)
  Crazy Yiuf (D:4)
  3 iguanas
  Ijyb (D:4)
  16 orc wizards
  A hound zombie (D:5)
  25 gnolls
  13 adders
  A shadow imp (D:6)
  2 white imps
  An ufetubus (D:6)
  An adder skeleton (D:4)
  4 worms
  6 dart slugs
  64 orcs
  9 ball pythons
  5 bats
  4 endoplasms
  4 giant cockroaches
  20 hobgoblins
  5 jackals
  18 kobolds
  4 quokkas
  5 frilled lizards
  11 goblins
  6 rats
383 creatures vanquished.

Vanquished Creatures (collateral kills)
  Erolcha (D:13)
  An ugly thing (D:13)
2 creatures vanquished.

Vanquished Creatures (others)
  5 dream sheep (D:9)
  20 plants (D:3)
25 creatures vanquished.

Grand Total: 410 creatures vanquished

Notes
Turn   | Place    | Note
-------+----------+-------------------------------------------
     0 | D:1      | Krodha the Minotaur Berserker began the quest for the Orb.
     0 | D:1      | Reached XP level 1. HP: 19/19 MP: 0/0
    14 | D:1      | Noticed a minotaur zombie
    16 | D:1      | Noticed a merfolk zombie
   540 | D:1      | Reached XP level 2. HP: 23/27 MP: 1/1
   620 | D:1      | Reached skill level 4 in Axes
  1241 | D:1      | Reached XP level 3. HP: 31/33 MP: 2/2
  1431 | D:2      | Reached ** piety under Trog
  1641 | D:2      | Reached XP level 4. HP: 38/40 MP: 3/3
  1691 | D:2      | Found a glowing silver altar of Zin.
  1773 | D:2      | Found a faded altar of an unknown god.
  2425 | D:3      | Reached skill level 5 in Axes
  3105 | D:3      | Reached XP level 5. HP: 38/47 MP: 4/4
  3433 | D:4      | Noticed Blork the orc
  3447 | D:4      | Killed Blork the orc
  3447 | D:4      | Reached *** piety under Trog
  3650 | D:4      | Reached XP level 6. HP: 55/55 MP: 5/5
  3733 | D:4      | Reached skill level 6 in Axes
  3820 | D:4      | Noticed Ijyb
  3829 | D:4      | Killed Ijyb
  3830 | D:4      | Reached skill level 5 in Fighting
  3971 | D:4      | Identified the +3 ring mail "Siakistise" {+Inv Regen+
                  | Int-3}
  4263 | D:4      | Found a runed translucent door.
  4279 | D:4      | Noticed Crazy Yiuf
  4287 | D:4      | Killed Crazy Yiuf
  4396 | D:4      | Found a sparkling altar of Nemelex Xobeh.
  4470 | D:4      | Reached XP level 7. HP: 61/61 MP: 6/6
  4577 | D:5      | Entered Level 5 of the Dungeon
  4577 | D:5      | Found a bloodstained altar of Trog.
  4764 | D:5      | Reached skill level 7 in Axes
  4845 | D:5      | Reached skill level 5 in Armour
  4850 | D:5      | Found an iron altar of Okawaru.
  4868 | D:5      | Noticed Pikel
  4884 | D:5      | Killed Pikel
  4885 | D:5      | Reached skill level 8 in Axes
  4885 | D:5      | Reached skill level 5 in Dodging
  4885 | D:5      | Reached XP level 8. HP: 62/71 MP: 7/7
  4995 | D:5      | Reached **** piety under Trog
  5033 | D:5      | Noticed Dowan
  5033 | D:5      | Noticed Duvessa
  5043 | D:5      | Killed Dowan
  5044 | D:5      | Gained mutation: You tend to lose your temper in combat.
                  | [potion of mutation]
  5044 | D:5      | Lost mutation: You tend to lose your temper in combat.
                  | [potion of mutation]
  5052 | D:5      | Killed Duvessa
  5065 | D:5      | Reached skill level 9 in Axes
  5338 | D:5      | Found a staircase to the Ecumenical Temple.
  5505 | D:5      | Noticed Grinder
  5510 | D:5      | Reached XP level 9. HP: 79/79 MP: 8/8
  5513 | D:5      | Killed Grinder
  5516 | D:5      | Reached skill level 10 in Axes
  6160 | D:7      | Reached skill level 11 in Axes
  6441 | D:7      | Reached skill level 1 in Throwing
  6441 | D:7      | Reached skill level 1 in Evocations
  6441 | D:7      | Reached XP level 10. HP: 90/90 MP: 9/9
  6767 | D:7      | Found a hide-covered altar of Uskayaw.
  6768 | D:7      | Found a sacrificial altar of Ru.
  6769 | D:7      | Found an opulent altar of Gozag.
  6770 | D:7      | Found a shimmering blue altar of Sif Muna.
  7085 | D:8      | Paralysed by a kobold brigand for 3 turns
  7092 | D:8      | Reached ***** piety under Trog
  7338 | D:8      | Noticed Maurice
  7355 | D:8      | Killed Maurice
  7737 | D:8      | Found a hazy altar of Hepliaklqana.
  7739 | D:8      | Found a faded altar of an unknown god.
  7788 | D:8      | Reached skill level 12 in Axes
  8161 | D:9      | Noticed Joseph
  8172 | D:9      | Killed Joseph
  8242 | D:9      | Found a shimmering altar of Xom.
  8279 | D:9      | Noticed a two-headed ogre
  8288 | D:9      | Killed a two-headed ogre
  8289 | D:9      | Reached XP level 11. HP: 97/97 MP: 10/10
  8464 | D:9      | Noticed a two-headed ogre
  8470 | D:9      | Killed a two-headed ogre
  8813 | D:10     | Entered Level 10 of the Dungeon
  9294 | D:10     | Found a staircase to the Lair.
  9366 | D:10     | Reached skill level 13 in Axes
  9486 | D:10     | Found a runed translucent door.
  9505 | D:10     | Found a runed translucent door.
  9518 | D:10     | Found a runed translucent door.
  9534 | D:10     | Found a runed translucent door.
  9550 | D:10     | Noticed an orange crystal statue
  9583 | D:10     | Killed an orange crystal statue
  9683 | D:11     | Noticed an eight-headed hydra
  9684 | D:11     | Identified a scroll of acquirement
  9684 | D:11     | Acquired a manual of Axes
  9773 | D:11     | Reached skill level 10 in Fighting
  9790 | D:11     | Received a gift from Trog
  9912 | D:11     | Found a staircase to the Orcish Mines.
 10018 | D:11     | Reached ****** piety under Trog
 10104 | D:11     | Noticed a red ugly thing
 10113 | D:11     | Killed a red ugly thing
 10114 | D:11     | Reached skill level 5 in Throwing
 10139 | D:11     | Reached skill level 10 in Armour
 10183 | D:11     | Reached skill level 14 in Axes
 10228 | D:11     | Noticed a two-headed ogre
 10233 | D:11     | Killed a two-headed ogre
 10447 | D:11     | Killed a five-headed hydra
 10448 | D:11     | Reached XP level 12. HP: 107/107 MP: 11/11
 10616 | D:12     | Found a broken altar of Ashenzari.
 10814 | D:12     | Identified the +12 war axe of Mat Cut {venom, Will+ Dex+3
                  | Stlth+}
 10996 | D:12     | Reached skill level 15 in Axes
 10996 | D:12     | Reached skill level 5 in Evocations
 11304 | D:13     | Noticed a two-headed ogre
 11315 | D:13     | Killed a two-headed ogre
 11334 | D:13     | Noticed Erolcha
 11340 | D:13     | Killed Erolcha
 11364 | D:13     | Found a flagged portal.
 11380 | Bailey   | Entered a bailey
 11462 | Bailey   | Received a gift from Trog
 11679 | D:13     | Identified the +1 robe "Gean" {*Corrode +Blink +Inv}
 11755 | D:13     | Identified the +1 leather armour of Modesty {Will+ rCorr
                  | MP+9 Slay+3}
 11895 | D:13     | Noticed a two-headed ogre
 11900 | D:13     | Killed a two-headed ogre
 11956 | D:13     | Noticed Frances
 11964 | D:13     | Killed from afar by Frances

Illustrated notes

Levels and vault maps discovered:
D:1:      shiori_arrival_whats_in_store_for_you, layout_basic,
          chequers_serial_rivers_micro_a, chequers_serial_rivers_marsh
D:2:      layout_loops_cross, dreamdust_ecumenical_altar_statues, basic_altar,
          grunt_ministairs_8
D:3:      cheibrodos_old_hovel, layout_loops_cross, lexackson_kobold_supper
D:4:      layout_basic, kennysheep_mini, uniq_ijyb, uniq_crazy_yiuf_cottage,
          uniq_blork_the_orc
D:5:      layout_cave_pods, okawaru_trees_1, mainiacjoe_overflow_boulevard,
          minmay_temple_entry_large_hall, minmay_joined_circles, uniq_duvessa,
          uniq_pikel, uniq_grinder
D:6:      layout_gridville, kennysheep_generic_room_5
D:7:      layout_loops_ring, chequers_temple_overflow_statue_of_worship
D:8:      layout_basic, beargit_hepliaklqana_dungeon_heroes, special_room
          [special_room_orc], uniq_maurice
D:9:      layout_roguey, kb_xom_exploding_sheep, serial_aquarium,
          aquarium_bridge_square [aquarium_subvault_balcony,
          aquarium_subvault_bridge, aquarium_subvault_bridge,
          aquarium_subvault_window], aquarium_window_corner, aquarium_window_2,
          aquarium_window_1, aquarium_window_fake, aquarium_view_2c, uniq_joseph
D:10:     minmay_evil_eye, layout_rooms, erik_lair_dragon,
          minmay_statue_crystal_thing
D:11:     layout_roguey, hiddenorc1_lemuel
D:12:     layout_roguey, minmay_misc_feat_doors, hex_large,
          nicolae_ashenzari_panopticon
D:13:     layout_small_grid, enter_bailey_5, uniq_erolcha, uniq_frances

Skill      XL: |  1  2  3  4  5  6  7  8  9 10 11 12 |
---------------+-------------------------------------+-----
Axes           | 4 5 6 8 9 11 12 14 15 | 15.8
Fighting       | 4 5 6 7 8 9 10 11 | 11.0
Armour         | 3 4 5 6 8 9 10 | 10.8
Dodging        | 3 4 5 6 7 8 9 |  9.9
Throwing       | 1 3 5 6 |  6.2
Evocations     | 1 3 4 5 |  5.5

Action                   |  1- 3 |  4- 6 |  7- 9 | 10-12 || total
-------------------------+-------+-------+-------+-------++-------
Melee: Hand axe          |    83 |   205 |   218 |   129 ||   635
       Headbutt          |    11 |    31 |    50 |   136 ||   228
       Battleaxe         |       |       |       |   315 ||   315
       War axe           |       |       |       |   107 ||   107
Throw: Dart              |       |       |     1 |     5 ||     6
Invok: Berserk           |     1 |     3 |     3 |    10 ||    17
       Trog's Hand       |       |       |       |     4 ||     4
       Brothers in Arms  |       |       |       |     2 ||     2
Evoke: Wand              |       |       |     4 |     2 ||     6
  Use: Scroll            |       |     2 |     8 |    13 ||    23
       Potion            |       |     2 |     2 |     1 ||     5
 Stab: Distracted        |       |       |       |     1 ||     1
Armor: Animal skin       |    15 |       |       |       ||    15
       Leather armour    |     2 |     3 |       |       ||     5
       Ring mail         |       |    53 |    94 |   305 ||   452
       Skin              |       |     3 |       |       ||     3
Dodge: Dodged            |    55 |   108 |   128 |   459 ||   750
